 Dungeon Crawl Stone Soup version 0.19.5 (webtiles) character file.

98 IcySystem the Shooter (level 4, 22/22 HPs)
             Began as a Spriggan Hunter on May 24, 2017.
             Quit the game on level 2 of the Dungeon.
             The game lasted 00:09:01 (2157 turns).

IcySystem the Shooter (Spriggan Hunter)             Turns: 2157, Time: 00:09:02

Health: 22/22      AC:  3    Str:  8    XL:     4   Next: 44%
Magic:  5/5        EV: 18    Int: 12    God:
Gold:   49         SH:  0    Dex: 17    Spells: 0 memorised, 3 levels left

rFire  . . .     SeeInvis +     b - +0 short sword
rCold  . . .     Gourm    .     c - +0 robe
rNeg   . . .     Faith    .     (shield restricted)
rPois  .         Spirit   +     (helmet restricted)
rElec  .         Reflect  .     o - +0 cloak
rCorr  .         Harm     .     (gloves unavailable)
MR     .....                    (boots unavailable)
Stlth  +++.......               h - amulet of guardian spirit
                                (no ring)
                                (no ring)

@: very quick
A: unfitting armour, see invisible, herbivore 3, speed 3, slow metabolism 2
a: no special abilities


You were on level 2 of the Dungeon.
You were not hungry.

You visited 1 branch of the dungeon, and saw 2 of its levels.

You collected 49 gold pieces.

Inventory:

Hand Weapons
 a - a +1 shortbow
 b - a +0 short sword (weapon)
Missiles
 d - 37 arrows
Armour
 c - a +0 robe (worn)
 o - a +0 cloak (worn)
Jewellery
 h - an amulet of guardian spirit (around neck)
Wands
 r - a wand of iceblast (7/15)
Scrolls
 e - a scroll of magic mapping {unknown}
 g - a scroll of noise {unknown}
 i - 4 scrolls of identify {unknown}
 j - a scroll of remove curse {unknown}
 l - 5 scrolls of teleportation {unknown}
 n - 3 scrolls of blinking {unknown}
 p - a scroll of enchant weapon {unknown}
 s - a scroll of enchant armour {unknown}
Potions
 k - a potion of berserk rage {unknown}
 m - 2 potions of cancellation {unknown}
 t - a potion of curing {unknown}
 u - a potion of flight {unknown}
Comestibles
 f - 2 bread rations
 q - a fruit
 v - a royal jelly


   Skills:
 - Level 1.5 Fighting
 + Level 6.1 Bows
 - Level 3.0 Dodging
 + Level 4.7 Stealth


You had 3 spell levels left.
You didn't know any spells.

Dungeon Overview and Level Annotations

Branches:
Dungeon (2/15)

Altars:
Qazlal
Uskayaw


Innate Abilities, Weirdness & Mutations

You are very small and have problems with some larger weapons.
You are too small for most types of armour.
You have supernaturally acute eyesight. (SInv)
You are a herbivore.
You cover ground extremely quickly.
You need consume almost no food.


Message History

You see here an arrow.
The goblin shouts!
You closely miss the goblin. The goblin closely misses you.
You closely miss the goblin. The goblin barely misses you. x2
You miss the goblin. The goblin closely misses you.
You hit the goblin but do no damage. The goblin misses you.
You hit the goblin.
You kill the goblin!
No target in view!
No target in view!
v - a royal jelly
d - 34 arrows (gained 2)
d - 35 arrows (gained 1)
d - 37 arrows (gained 2)
Things that are here:
a short sword; an animal skin; a shiny helmet A hobgoblin comes into view.
It is wielding a club.
A hobgoblin is nearby!
Unknown command.
Are you sure you want to abandon this character and quit the game? (Confirm with "yes".)

..... ######### #......
##...#...#######........
###........................
.............###..............
.............##...............
..............................
###...........(.@.............
# #...........................
# ####.......................#
# ###.......................#
###....#.....##.....)..####
....##....g......#..##[#
..###...........##.###.#
....>....>...#####.# #.##
#.......#....# #%# #..#


You could see a hobgoblin (wandering).

Vanquished Creatures
  Robin (D:2)
  An adder (D:2)
  A gnoll (D:1)
  An ooze (D:2)
  A worm (D:2)
  A dart slug (D:1)
  2 leopard geckos (D:1)
  A giant cockroach (D:1)
  7 hobgoblins
  6 jackals (D:1)
  3 kobolds
  A quokka (D:2)
  11 bats
  2 frilled lizards
  10 goblins
  6 rats
55 creatures vanquished.

Notes
Turn   | Place    | Note
-------+----------+-------------------------------------------
     0 | D:1      | IcySystem the Spriggan Hunter began the quest for the Orb.
     0 | D:1      | Reached XP level 1. HP: 10/10 MP: 2/2
   126 | D:1      | Reached skill level 5 in Bows
   180 | D:1      | Reached XP level 2. HP: 4/14 MP: 3/3
   911 | D:1      | Reached XP level 3. HP: 14/18 MP: 2/4
  1230 | D:2      | Noticed a hand axe
  1232 | D:2      | Noticed a hand axe
  1235 | D:2      | Found a hide-covered altar of Uskayaw.
  1308 | D:2      | Noticed Robin
  1498 | D:2      | Found a stormy altar of Qazlal.
  1508 | D:2      | Reached skill level 6 in Bows
  1508 | D:2      | Reached XP level 4. HP: 22/22 MP: 5/5
  1631 | D:2      | Killed Robin
  2157 | D:2      | Quit the game

Skill      XL: |  1  2  3 |
---------------+----------+-----
Bows           | 5 6 |  6.1
Stealth        | 2 3 4 |  4.7
Fighting       | |  1.5
Dodging        | |  3.0

Action                   |  1- 3 |  4- 6 || total
-------------------------+-------+-------++-------
Melee: Short sword       |   168 |    50 ||   218
 Fire: Shortbow          |    25 |     6 ||    31
 Stab: Sleeping          |     8 |       ||     8
Armor: Robe              |    13 |    18 ||    31
Dodge: Dodged            |   166 |    86 ||   252
